Map: Abyssal Reef LE

Players

hodor - Winner!

  • Race: Zerg Zerg
  • Spawn Location: 11:00

Turboman

  • Race: Terran Terran
  • Spawn Location: 5:00

VOD

Have the link to the VOD?

Description

Time

  • Played on: Nov. 15, 2017, 10:53 a.m.
  • Length: 4:35
Show
View Real Time Build Order
Export as new Build Order

hodor Zerg - Winner!

Build Orders: Pool First 

Get SALT Encoding   

  12  0:02  Drone  
  13  0:09  Drone  
  14  0:23  Overlord  
  14  0:28  Extractor, Drone  
  14  0:41  Drone x2  
  16  0:58  Spawning Pool  
  16  0:59  Drone x2  
  17  1:09  Drone  
  18  1:19  Drone  
  19  1:31  Hatchery  
  18  1:44  Metabolic Boost  
  19  1:47  Zergling x4  
  19  1:53  Zergling x2  
  21  2:03  Overlord  
  21  2:15  Drone  
  21  2:20  Queen  
  24  2:30  Zergling x2  
  24  2:56  Zergling x10  
  27  3:04  Queen  
  29  3:22  Extractor, Queen  
  29  3:24  Zergling x8  
  31  3:44  Zergling x2  
  31  3:45  Zergling x6  
  35  3:56  Zergling x2  
  34  4:04  Zergling x4  
  34  4:05  Overlord  
  34  4:15  Drone x2  
Show
View Real Time Build Order
Export as new Build Order

Turboman Terran 

Build Orders:  

Get SALT Encoding   

  12  0:01  SCV  
  13  0:13  SCV  
  14  0:25  SCV  
  14  0:26  Supply Depot  
  15  0:34  Refinery  
  15  0:46  Refinery  
  15  0:47  SCV  
  16  0:56  Barracks  
  16  0:59  SCV  
  17  1:11  SCV  
  17  1:12  Supply Depot  
  18  1:23  SCV  
  19  1:36  SCV  
  20  1:43  Marine  
  21  1:48  SCV  
  21  1:50  Engineering Bay  
  22  2:00  SCV  
  22  2:01  Factory  
  22  2:10  Marine  
  22  2:11  Barracks  
  22  2:12  SCV  
  24  2:20  Terran Infantry Armor Level 1  
  24  2:26  Supply Depot  
  24  2:27  SCV  
  25  2:35  Marine  
  23  2:52  Marine  
  24  3:00  Bunker  
  24  3:10  Marine  
  24  3:12  SCV  
  25  3:28  Marine  
  21  3:46  Marine  
  15  4:04  Marine  
  9  4:13  SCV  
  11  4:26  Bunker  
Tags
 
Matchup
TvZ
Opening
Pool First
Spawn Locations
Cross Positions
Add a new tag
Caveats
  • Supply blocks, unpowered buildings, or Contaminate may cause inaccurate times.
  • Supply counts are checked every 10 seconds.